 Dungeon Crawl Stone Soup version 0.28-a0-533-g9f97627e2a (webtiles) character file.

Game seed: 7017799123808659124

750 Conn the Firebug (level 7, -3/43 HPs)
             Began as an Octopode Fire Elementalist on Sept 23, 2021.
             Was an Initiate of Sif Muna.
             Killed by divine providence
             ... invoked by an orc priest
              (13 damage)
             ... on level 5 of the Dungeon on Sept 24, 2021.
             The game lasted 00:11:13 (4740 turns).

Conn the Firebug (Octopode Fire Elementalist)       Turns: 4740, Time: 00:11:13

Health: -3/43      AC:  1    Str:  7      XL:     7   Next: 78%
Magic:  13/21      EV: 13    Int: 19 (20) God:    Sif Muna [......]
Gold:   115        SH:  0    Dex: 12      Spells: 6/13 levels left

rFire   . . .      SeeInvis .   c - +2 short sword (speed)
rCold   . . .      Faith    .   (no shield)
rNeg    . . .      Spirit   .   (helmet restricted)
rPois   .          Reflect  .   (no amulet)
rElec   .          Harm     .   h - ring of magical power
rCorr   .          Rampage  .   (no ring)
Will    .....                   (no ring)
Stlth   +++.......              (no ring)
HPRegen 0.14/turn               (no ring)
MPRegen 0.17/turn               (no ring)
                                (no ring)
                                (no ring)

@: no status effects
A: almost no armour, amphibious, 8 rings, camouflage 1, gelatinous body 1,
(nimble swimmer 1), tentacles
a: Renounce Religion


You were on level 5 of the Dungeon.
You worshipped Sif Muna.
Sif Muna was noncommittal.
You visited 2 branches of the dungeon, and saw 6 of its levels.

You collected 115 gold pieces.

Inventory:

Hand Weapons
 b - a +0 dagger
 c - a +2 short sword of speed (weapon)
 f - a +3 short sword
Jewellery
 h - a ring of magical power (left tentacle)
Wands
 d - a wand of flame (21)
Scrolls
 e - 2 scrolls of identify
 g - a scroll of immolation
 i - a scroll of vulnerability {unknown}
Potions
 a - a potion of lignification


   Skills:
 + Level 1.1 Fighting
 + Level 2.1 Short Blades
 + Level 2.6 Dodging
 + Level 4.2 Stealth
 + Level 3.9 Spellcasting
 * Level 3.5 Conjurations
 * Level 2.5 Hexes
 * Level 5.0 Fire Magic


You had 6 spell levels left.
You knew the following spells:

 Your Spells              Type           Power      Damage    Failure   Level
a - Foxfire               Conj/Fire      76%        2x1d7     2%          1
b - Conjure Flame         Conj/Fire      19%        6-21      7%          3
c - Inner Flame           Hex/Fire       18%        N/A       9%          3

Your spell library contained the following spells:

 Spells                   Type           Power      Damage    Failure   Level
 Scorch                   Fire           44%        2d7       2%          2
 Ensorcelled Hibernation  Hex/Ice        16%        N/A       12%         2
 Flame Wave               Conj/Fire      19%        3d5       24%         4
 Gell's Gravitas          Tloc           1%         N/A       38%         3
 Lesser Beckoning         Tloc           3%         N/A       38%         3
 Spider Form              Tmut/Pois      1%         N/A       38%         3
 Teleport Other           Tloc           3%         N/A       38%         3


Dungeon Overview and Level Annotations

Branches:
Dungeon (5/15)             Temple (1/1) D:4

Altars:
Ashenzari
Cheibriados
Dithmenos
Fedhas
Kikubaaqudgha
Makhleb
Qazlal
Ru
Sif Muna
Trog
Vehumet
Wu Jian
Yredelemnul
Zin
The Shining One


Innate Abilities, Weirdness & Mutations

You cannot wear most types of armour.
You are amphibious.
You can wear up to eight rings at the same time.
Your skin changes colour to match your surroundings (Stealth+).
Your rubbery body absorbs attacks. (AC +1, EV +1)
((You are camouflaged near water. (Stealth+)))
You have tentacles for arms and can constrict up to eight enemies at once.


Message History

Casting: Foxfire (safe; 2% risk of failure)
Confirm with . or Enter, or press ? or * to list all spells.
You conjure some foxfire!
The sky beast hits you. The sky beast shocks you.
* * * LOW HITPOINT WARNING * * *
Unknown command.
You barely miss the sky beast.
The sky beast is heavily wounded.
The foxfire hits the sky beast.
The sky beast is severely wounded.
The foxfire hits the sky beast.
The sky beast is severely wounded.
The foxfire hits the sky beast but does no damage.
The sky beast is severely wounded.
The sky beast hits you but does no damage.
The foxfire hits the sky beast.
The sky beast is almost dead.
Things that are here:
a +0 dagger; a +0 animal skin; a +0 helmet Unknown command.
Casting: Foxfire (safe; 2% risk of failure)
Confirm with . or Enter, or press ? or * to list all spells.
You conjure some foxfire!
The foxfire hits the centaur skeleton.
The centaur skeleton is lightly damaged.
The sky beast completely misses you.
Unknown command.
The foxfire hits the centaur skeleton.
The centaur skeleton is moderately damaged.
The sky beast flickers out of sight!
Deactivating autopickup; reactivate with Ctrl-A.
Unknown command.
An orc priest comes into view. It is wielding a +0 dagger.
Okay, then.
As you read the scroll labelled ISARRE ACROU, it crumbles to dust.
It is a scroll of identify.
g - a scroll of immolation A sky beast appears from thin air!
Reactivating autopickup.
The orc priest mumbles some strange prayers to Beogh against you.
Beogh smites you!
You die...

#. #.# . ..$ ###
...#.########.#
..........÷Z#.#
.#.#....).Z.#
#†######Y# #v# #.# #.#
#@#.#
######.######.#.####
?.....................
#########.............
#.###...o##### #.#
.......# #.##.....#.#
#...)....#.#
#........# #


You could see a sky beast, an orc priest and a centaur skeleton.

Vanquished Creatures
  A water moccasin (D:5)
  A black bear (D:4)
  A centaur (D:5)
  A phantom (D:4)
  A water moccasin zombie (D:4)
  A howler monkey (D:5)
  A bullfrog skeleton (D:4)
  A hound (D:5)
  2 orc priests (D:4)
  An orc wizard (D:4)
  Robin (D:5)
  2 adders (D:2)
  3 gnolls (D:2)
  A white imp (D:5)
  An adder skeleton (D:5)
  2 worms
  A dart slug (D:1)
  11 orcs
  5 bats
  4 endoplasms
  2 giant cockroaches (D:2)
  12 goblins
  4 hobgoblins
  4 jackals (D:2)
  4 kobolds
  5 quokkas
  11 ball pythons
  A frilled lizard (D:2)
  6 rats
91 creatures vanquished.

Vanquished Creatures (others)
  2 demonic plants (D:1)
  279 foxfires
  A fungus (D:1)
282 creatures vanquished.

Grand Total: 373 creatures vanquished

Notes
Turn   | Place    | Note
-------+----------+-------------------------------------------
     0 | D:1      | Conn the Octopode Fire Elementalist began the quest for the
                  | Orb.
     0 | D:1      | Reached XP level 1. HP: 11/11 MP: 3/3
   348 | D:1      | Found a faded altar of an unknown god.
   520 | D:1      | Reached XP level 2. HP: 17/17 MP: 5/5
  1123 | D:2      | Reached XP level 3. HP: 21/21 MP: 6/6
  1980 | D:3      | Reached XP level 4. HP: 21/27 MP: 5/8
  2047 | D:3      | Found a glowing silver altar of Zin.
  2221 | D:2      | Learned a level 3 spell: Conjure Flame
  2225 | D:2      | Learned a level 3 spell: Inner Flame
  3193 | D:2      | Upgraded the game from 0.28-a0-518-g36894cfc38 to
                  | 0.28-a0-533-g9f97627e2a
  3247 | D:4      | Reached skill level 4 in Fire Magic
  3247 | D:4      | Reached XP level 5. HP: 32/32 MP: 9/9
  3371 | D:4      | Noticed a phantom
  3517 | D:4      | Killed a phantom
  3518 | D:4      | Reached XP level 6. HP: 37/37 MP: 5/11
  3526 | D:4      | Reached skill level 1 in Hexes
  3605 | D:4      | Noticed a black bear
  3912 | D:4      | Found a staircase to the Ecumenical Temple.
  3922 | Temple   | Entered the Ecumenical Temple
  4140 | Temple   | Became a worshipper of Sif Muna the Loreminder
  4195 | D:4      | Killed a black bear
  4196 | D:4      | Reached skill level 1 in Short Blades
  4196 | D:4      | Reached XP level 7. HP: 41/42 MP: 12/12
  4321 | D:4      | Noticed Robin
  4418 | D:5      | Entered Level 5 of the Dungeon
  4422 | D:5      | Killed Robin
  4708 | D:5      | Reached skill level 1 in Fighting
  4726 | D:5      | Reached skill level 5 in Fire Magic
  4740 | D:5      | Killed from afar by an orc priest

Illustrated notes

Levels and vault maps discovered:
D:1:      mrwooster_arrival_statue, layout_basic, shapermc_ecumenical_altar_gd
D:2:      minmay_chambers_of_ones, layout_basic, minmay_increasing_density
D:3:      layout_rooms, mainiacjoe_overflow_alcove_4
D:4:      layout_loops_corners, minmay_temple_entry_proselytizer,
          hellmonk_ghost_happy_afterlife, hangedman_decor_lopped,
          grunt_decor_one_mirror, uniq_robin
D:5:      layout_basic
Temple:   regret_index_temple_sphere_string

Skill      XL: |  1  2  3  4  5  6  7 |
---------------+----------------------+-----
Stealth        | 3 4 |  4.2
Spellcasting   | 3 |  3.9
Conjurations   | 2 3 |  3.5
Fire Magic     | 4 5 |  5.0
Hexes          | 1 2 |  2.5
Short Blades   | 1 2 |  2.1
Fighting       | 1 |  1.1
Dodging        | |  2.6

Action                   |  1- 3 |  4- 6 |  7- 9 || total
-------------------------+-------+-------+-------++-------
Melee: Dagger            |    21 |       |       ||    21
       Unarmed           |     7 |       |       ||     7
       Constrict         |     7 |     6 |     5 ||    18
       Tentacles         |     4 |     3 |     3 ||    10
       Short sword       |     9 |    35 |    33 ||    77
 Cast: Foxfire           |    54 |    73 |    30 ||   157
       Conjure Flame     |       |     1 |       ||     1
       Inner Flame       |       |       |     1 ||     1
  Use: Potion            |       |     6 |     1 ||     7
       Scroll            |       |       |     1 ||     1
 Stab: Sleeping          |     6 |     4 |       ||    10
       Invisible         |       |     1 |       ||     1
Armor: Skin              |     6 |    15 |    17 ||    38
Dodge: Dodged            |    31 |    19 |    27 ||    77

Table legend: (Time is in decaauts)
 A = Elapsed time spent in this place.
 B = Non-inter-level travel time spent in this place.
 C = Inter-level travel time spent in this place.
 D = Time resting spent in this place.
 E = Time spent auto-exploring this place.
 F = Levels seen in this place.
 G = Mean time per level.
                   A        B        C        D        E       F      G
               +--------+--------+--------+--------+--------+-----+--------+
         Total |   4732 |   4664 |     68 |    755 |   2924 |   6 |  788.7 |
       Dungeon |   4498 |   4446 |     52 |    755 |   2721 |   5 |  899.6 |
        Temple |    234 |    218 |     16 |      0 |    203 |   1 |  234.0 |
               +--------+--------+--------+--------+--------+-----+--------+

Top non-repeatable levels by time:
     D:2: 1455 daAuts
     D:3: 1129 daAuts
     D:1: 946 daAuts
     D:4: 651 daAuts
     D:5: 315 daAuts
  Temple: 234 daAuts
